 Dungeon Crawl Stone Soup version 0.29.1-13-g9f3cf754e1 (webtiles) character file.

Game seed: 8040479312120904751

51 Exodus22XD the Covered (level 3, 33/33 HPs)
             Began as a Minotaur Fighter on Feb 4, 2023.
             Was a Follower of Sif Muna.
             Quit the game on level 2 of the Dungeon.
             The game lasted 00:01:03 (1001 turns).

Exodus22XD the Covered (Minotaur Fighter)           Turns: 1001, Time: 00:01:04

Health: 33/33      AC:  7    Str: 22    XL:     3   Next: 58%
Magic:  2/2        EV:  9    Int:  5    God:    Sif Muna [*.....]
Gold:   81         SH:  4    Dex:  9    Spells: 2/2 levels left

rFire   . . .      SeeInvis .   a - +0 war axe
rCold   . . .      Faith    .   c - +0 buckler
rNeg    . . .      Spirit   .   b - +0 scale mail
rPois   .          Reflect  .   (helmet restricted)
rElec   .          Harm     .   (no cloak)
rCorr   .          Rampage  .   (no gloves)
Will    .....                   (no boots)
Stlth   ..........              (no amulet)
HPRegen 0.11/turn               (no ring)
MPRegen 0.08/turn               (no ring)

@: no status effects
A: horns 2, retaliatory headbutt
a: Renounce Religion, Channel Magic


You were on level 2 of the Dungeon.
You worshipped Sif Muna.
Sif Muna was aware of your devotion.
You visited 1 branch of the dungeon, and saw 2 of its levels.

You collected 81 gold pieces.

Inventory:

Hand Weapons
 a - a +0 war axe (weapon)
Armour
 b - a +0 scale mail (worn)
 c - a +0 buckler (worn)
Scrolls
 e - a scroll of noise {unknown}
 g - a scroll of poison {unknown}
 i - a scroll of enchant armour {unknown}
 j - a scroll of teleportation {unknown}
 k - a scroll of identify {unknown}
 m - a scroll of blinking {unknown}
 n - a scroll of enchant weapon {unknown}
 o - a scroll of magic mapping {unknown}
 r - a scroll of fog {unknown}
Potions
 d - 2 potions of might
 f - a potion of cancellation {unknown}
 h - a potion of curing {unknown}
 l - a potion of lignification {unknown}
 p - a potion of flight {unknown}
 q - a potion of invisibility {unknown}


   Skills:
 + Level 4.1 Fighting
 + Level 3.4 Axes
 + Level 4.2 Armour
 + Level 4.1 Shields


You had 2 spell levels left.
You didn't know any spells.
Your spell library was empty.

Dungeon Overview and Level Annotations

Branches:
Dungeon (2/15)

Altars:
Sif Muna

Shops:
D:1 (


Innate Abilities, Weirdness & Mutations

You have a pair of horns on your head.
You reflexively headbutt those who attack you in melee.


Message History

A bat is nearby!
You hit the bat.
You kill the bat!
r - a scroll labelled WITAPIM QENEDI No target in view!
You open the door.
There is an open door here.
Found a stone staircase leading down.
No target in view!
A quokka comes into view.
A quokka is nearby!
You closely miss the quokka. Your headbutt misses the quokka.
The quokka bites you but does no damage.
The quokka closely misses you. You furiously retaliate!
You headbutt the quokka!
You kill the quokka!
You see here a quokka corpse.
You see here a quokka corpse.
Found two stone staircases leading up.
No target in view!
Found a ring mail.
No target in view!
A kobold comes into view. It is wielding a +0 dagger.
The kobold shouts!
The kobold hits you but does no damage.
You hit the kobold but do no damage. You headbutt the kobold.
You kill the kobold!
Okay, then.
You enter the shallow water.
Moving in this stuff is going to be slow.
You enter the shallow water.
Moving in this stuff is going to be slow.
There is a dry fountain here.
Found a faded altar of an unknown god.
There is a faded altar of an unknown god here.
You cannot tell which god this altar belongs to.
Convert to them anyway?
Sif Muna accepts your prayer! Sif Muna welcomes you!
You can now call upon Sif Muna for magical energy.
Are you sure you want to abandon this character and quit the game? (Confirm with "yes".)

###### #######.....#
#...........###
#...........+.#
#..~~~⌠~~~..#.#
#........⌠..#.#
#..⌠P#.#.~..#.#
#..P.#.#.P..#.#
##.~.#@#.~.)#.###
#.~.###........#
#.⌠P...P⌠.##.#.# #
#.~⌠P~~~..##.#.# ###
#............#.### #..
#####..#######...###.#
##...#.....#......
###.##.##.#>.##.#
#.##.#....###.#


There were no monsters in sight!

Vanquished Creatures
  A dart slug (D:1)
  3 endoplasms (D:1)
  A giant cockroach (D:1)
  6 goblins (D:1)
  4 hobgoblins
  6 jackals (D:1)
  6 kobolds
  3 quokkas
  4 ball pythons (D:1)
  4 bats
  2 frilled lizards (D:1)
  2 rats (D:1)
42 creatures vanquished.

Vanquished Creatures (others)
  2 plants (D:2)
2 creatures vanquished.

Grand Total: 44 creatures vanquished

Notes
Turn   | Place    | Note
-------+----------+-------------------------------------------
     0 | D:1      | Exodus22XD the Minotaur Fighter began the quest for the
                  | Orb.
     0 | D:1      | Reached XP level 1. HP: 19/19 MP: 0/0
   165 | D:1      | Reached XP level 2. HP: 27/27 MP: 1/1
   289 | D:1      | Reached XP level 3. HP: 27/33 MP: 2/2
   547 | D:1      | Found Ricuoq's Weapon Emporium.
   996 | D:2      | Found a faded altar of an unknown god.
  1000 | D:2      | Prayed at the altar of an unknown god.
  1000 | D:2      | Became a worshipper of Sif Muna the Loreminder
  1000 | D:2      | Reached * piety under Sif Muna
  1001 | D:2      | Quit the game

Illustrated notes

Levels and vault maps discovered:
D:1:      minmay_arrival_split_and_join, layout_rooms, serial_shops,
          nicolae_shop_bloodbath_and_beyond
D:2:      cheibrodos_fertilizer, layout_basic,
          shapermc_ecumenical_altar_acropolis, minmay_pentomino_q4

Skill      XL: |  1  2  3 |
---------------+----------+-----
Fighting       | 4 |  4.1
Armour         | 4 |  4.2
Shields        | 4 |  4.1
Axes           | 3 |  3.4

Action                   || total
-------------------------++-------
Melee: War axe           ||    81
       Headbutt          ||    10
Armor: Scale mail        ||    55
Dodge: Dodged            ||    47
Block: Buckler           ||    19
